 Dungeon Crawl Stone Soup version 0.17-a0-2220-g6fea741 (webtiles) character file.

34745 youngkai the Severer (level 13, -4/123 HPs)
             Began as a Minotaur Berserker on Oct 28, 2015.
             Was the Champion of Trog.
             Slain by a polar bear (18 damage)
             ... on level 8 of the Lair of Beasts.
             The game lasted 00:44:43 (16505 turns).

youngkai the Severer (Minotaur Berserker)          Turns: 16505, Time: 00:44:43

Health: -4/123     AC: 21    Str: 24    XL:     13   Next: 43%
Magic:  12/12      EV: 11    Int:  6    God:    Trog [******]
Gold:   1180       SH:  0    Dex: 13    Spells: 0 memorised, 12 levels left

rFire  . . .     SeeInvis .     K - +1 executioner's axe (freeze)
rCold  . . .     Clarity  .     I - +0 pearl dragon armour
rNeg   + . .     SustAt   +     (no shield)
rPois  .         Gourm    +     (helmet restricted)
rElec  .         Spirit   .     d - +1 cloak
rCorr  .         Warding  .     b - +1 pair of gloves
rMut   .         Stasis   .     (no boots)
MR     .....                    n - amulet of the gourmand
Stlth  ..........               J - +2 ring of dexterity
                                t - ring of sustain attributes

@: not resistant to hostile enchantments, extremely unstealthy
A: retaliatory headbutt, horns 2
a: Berserk, Trog's Hand, Brothers in Arms, Burn Spellbooks, Renounce Religion


You were on level 8 of the Lair of Beasts.
You worshipped Trog.
Trog was exalted by your worship.
You were completely stuffed.

You visited 2 branches of the dungeon, and saw 18 of its levels.
You also visited: Sewer.

You collected 1180 gold pieces.

Inventory:

Hand Weapons
 B - a +4 battleaxe
 K - a +1 executioner's axe of freezing (weapon)
 W - a +2 battleaxe of chopping
Armour
 b - a +1 pair of gloves (worn)
 d - a +1 cloak (worn)
 I - a +0 pearl dragon armour (worn)
Jewellery
 a - an uncursed amulet of resist mutation {unknown}
 n - an amulet of the gourmand (around neck)
 t - a ring of sustain attributes (left hand)
 J - a +2 ring of dexterity (right hand)
Wands
 e - a wand of disintegration (16)
 m - a wand of hasting (2)
 u - a wand of confusion (17)
 v - a wand of paralysis (6)
 L - a wand of frost (22)
 M - a wand of flame (25)
 P - a wand of fire (7)
Scrolls
 g - 3 scrolls of remove curse
 i - 2 scrolls of magic mapping
 k - 5 scrolls of enchant armour
 l - 7 scrolls of identify
 p - 3 scrolls of enchant weapon
 q - a scroll of fear
 y - 3 scrolls of recharging
 D - a scroll of brand weapon
 E - a scroll of fog
 H - 2 scrolls of blinking
 N - 5 scrolls of teleportation
Potions
 f - 10 potions of curing
 h - 2 potions of cure mutation
 o - a potion of brilliance
 r - a potion of ambrosia
 s - 2 potions of invisibility
 z - 2 potions of heal wounds
 A - 3 potions of might
 C - 4 potions of flight
 V - 3 potions of agility
Books
 S - a book of Dreams

   Spells                             Type                      Level
   a - Ensorcelled Hibernation        Hexes/Ice                    2
   b - Phase Shift                    Translocation                5
   c - Shadow Creatures               Summoning                    5
   d - Silence                        Hexes/Air                    5
   e - Darkness                       Hexes                        6
   f - Mass Confusion                 Hexes                        6
   Trog disapproves of the use of such an item.
Comestibles
 c - 6 bread rations
 j - 6 beef jerkies
 w - 5 royal jellies
 x - 6 fruits
 F - 2 chunks of flesh
 G - 3 meat rations
 O - a slice of pizza


   Skills:
 + Level 13.8 Fighting
 * Level 18.5 Axes
 + Level 13.7 Armour
 - Level 2.1 Dodging


You had 12 spell levels left.
You didn't know any spells.

Dungeon Overview and Level Annotations

Branches:
Dungeon (10/15)            Temple (0/1) D:7            Lair (8/8) D:9
  Swamp (0/4) Lair:5        Snake (0/4) Lair:4        Slime (0/6) Lair:7
    Orc (0/4) D:10

Altars:
Ashenzari
Cheibriados
Fedhas
Kikubaaqudgha
Makhleb
Nemelex Xobeh
Qazlal
Ru
Trog
Vehumet
Xom
Yredelemnul
Jiyva


Innate Abilities, Weirdness & Mutations

You reflexively headbutt those who attack you in melee.
You have a pair of horns on your head.


Message History

* * * LOW HITPOINT WARNING * * *
The polar bear claws you but does no damage.
The polar bear barely misses you.
Drink which item? (? for menu, Esc to quit)
You feel better.
The polar bear bites you but does no damage.
The polar bear claws you but does no damage. x2
The polar bear completely misses you. You furiously retaliate!
You headbutt the polar bear, but do no damage.
The polar bear claws you but does no damage. x2
You slash the polar bear! You freeze the polar bear.
The polar bear is almost dead.
The polar bear bites you but does no damage.
The polar bear claws you but does no damage.
The polar bear claws you.
* * * LOW HITPOINT WARNING * * *
You hit the polar bear but do no damage.
The polar bear is almost dead.
The polar bear bites you!!
You die...

.. #. ## ######## ..#
%...#P##.#.#.#. ..
#....#.#.†..... ###.
.....#........# ...##
...#P...#...#.
#..##.%####..######
##....# #..##.#.#
##.h...# #....#.#.
#..@..## ##.......
#......## ##......
##......# ###.#..
##..††## ####. ##.#)##
#### ### ##.#†##
#..######..
##.††######..#.#.#...
#:#.......##......#....
#........†#.......÷†÷.


You could see a polar bear (berserk).

Vanquished Creatures
  Snorg (Lair:8)
  3 hydras
  Erica (D:10)
  Urug (Lair:4)
  3 griffons
  4 black mambas
  12 spiny frogs
  A torpor snail (Lair:7)
  A naga mage (Lair:4)
  2 fire drakes
  4 komodo dragons
  7 polar bears (Lair:8)
  A troll (D:8)
  2 raiju (Lair:8)
  23 yaks
  12 blink frogs
  Sigmund (D:5)
  A shadow (D:8)
  7 hippogriffs
  4 basilisks
  2 wyverns
  10 wargs
  16 wolves
  5 porcupines
  13 water moccasins
  An ice beast (D:7)
  14 black bears
  2 sky beasts
  3 hell hounds (Lair:8)
  An eye of draining (D:5)
  3 centaurs
  6 orc warriors
  3 phantoms
  20 crocodiles
  11 giant frogs
  A wyvern zombie (D:10)
  2 scorpions
  4 electric eels (D:6)
  7 killer bees
  4 crimson imps
  3 wights (D:6)
  2 giant frog zombies
  3 giant frog skeletons
  A gnoll shaman (D:8)
  15 hounds
  3 orc priests
  A quasit (D:9)
  6 iguanas
  5 worker ants
  A centaur skeleton (D:5)
  7 orc wizards
  17 sheep
  15 river rats
  A shadow imp (D:5)
  17 adders
  11 gnolls
  2 oozes (Sewer)
  An adder skeleton (D:7)
  25 orcs
  9 bats
  12 giant cockroaches
  5 goblins
  9 hobgoblins
  24 kobolds
  6 quokkas
  4 ball pythons
  11 giant geckos
  A giant gecko zombie (D:7)
  6 giant newts
  2 gnoll zombies (D:4)
  13 jackals
  A quokka zombie (D:9)
  22 rats
  5 fungi
  3 plants
488 creatures vanquished.

Vanquished Creatures (collateral kills)
  A hydra (Lair:2)
1 creature vanquished.

Vanquished Creatures (others)
  2 river rats (Lair:1)
  A hobgoblin (D:3)
  8 fungi
  7 plants
18 creatures vanquished.

Grand Total: 507 creatures vanquished

Notes
Turn   | Place    | Note
--------------------------------------------------------------
     0 | D:1      | youngkai the Minotaur Berserker began the quest for the Orb.
     0 | D:1      | Reached XP level 1. HP: 19/19 MP: 0/0
    78 | D:1      | Reached skill level 4 in Axes
   150 | D:1      | Reached XP level 2. HP: 27/27 MP: 1/1
   444 | D:2      | Reached ** piety under Trog
   628 | D:2      | Reached XP level 3. HP: 19/33 MP: 2/2
  1149 | D:2      | Reached XP level 4. HP: 41/41 MP: 3/3
  1425 | D:3      | Reached skill level 5 in Axes
  1520 | D:3      | Found an ancient bone altar of Kikubaaqudgha.
  1520 | D:3      | Found a blossoming altar of Fedhas.
  1602 | D:3      | Reached *** piety under Trog
  1873 | D:4      | Found a glowing drain.
  1903 | Sewer    | Entered a sewer
  1936 | Sewer    | Reached XP level 5. HP: 47/47 MP: 4/4
  2088 | Sewer    | Reached **** piety under Trog
  2089 | Sewer    | Reached skill level 5 in Fighting
  2166 | Sewer    | Reached skill level 6 in Axes
  2424 | D:4      | Found a shimmering altar of Xom.
  2426 | D:4      | Found a sparkling altar of Nemelex Xobeh.
  2429 | D:4      | Got a transparent leather armour
  2440 | D:4      | Identified the cursed +0 leather armour of Fun {rC- rN+++ Int-3 Dex+3} (You found it on level 4 of the Dungeon)
  2578 | D:4      | Found a sacrificial altar of Ru.
  2635 | D:4      | Reached XP level 6. HP: 56/56 MP: 5/5
  2818 | D:4      | Found a basalt altar of Yredelemnul.
  3022 | D:4      | Found a stormy altar of Qazlal.
  3094 | D:5      | Entered Level 5 of the Dungeon
  3233 | D:5      | Reached skill level 7 in Axes
  3233 | D:5      | Reached skill level 5 in Armour
  3235 | D:5      | Noticed Sigmund
  3251 | D:5      | Reached XP level 7. HP: 60/62 MP: 6/6
  3251 | D:5      | Killed Sigmund
  3281 | D:5      | Found a radiant altar of Vehumet.
  3430 | D:5      | Found a shattered altar of Ashenzari.
  3690 | D:5      | Found a bloodstained altar of Trog.
  3704 | D:5      | Reached skill level 8 in Axes
  3809 | D:6      | Reached ***** piety under Trog
  3879 | D:6      | Reached XP level 8. HP: 54/71 MP: 7/7
  4586 | D:6      | Reached skill level 9 in Axes
  5558 | D:7      | Reached skill level 10 in Axes
  5599 | D:7      | Reached XP level 9. HP: 42/81 MP: 2/8
  5816 | D:7      | Found a burning altar of Makhleb.
  6115 | D:7      | Found a staircase to the Ecumenical Temple.
  6161 | D:8      | Found a bloodstained altar of Trog.
  6216 | D:8      | Reached skill level 11 in Axes
  6373 | D:8      | Found a snail-covered altar of Cheibriados.
  6643 | D:9      | Received a gift from Trog
  6647 | D:9      | Reached skill level 12 in Axes
  6881 | D:9      | Reached XP level 10. HP: 83/91 MP: 9/9
  6900 | D:9      | Found a staircase to the Lair.
  7227 | D:10     | Entered Level 10 of the Dungeon
  7414 | D:10     | Noticed Erica
  7427 | D:10     | Killed Erica
  7568 | D:10     | Found a staircase to the Orcish Mines.
  7608 | D:10     | Reached skill level 10 in Fighting
  7645 | D:10     | Reached skill level 13 in Axes
  8260 | Lair:1   | Entered Level 1 of the Lair of Beasts
  8813 | Lair:1   | Reached skill level 10 in Armour
  9025 | Lair:1   | Reached skill level 14 in Axes
  9591 | Lair:1   | Reached XP level 11. HP: 87/101 MP: 10/10
  9711 | Lair:2   | Noticed a four-headed hydra
  9716 | Lair:2   | Killed a four-headed hydra
 11189 | Lair:4   | Received a gift from Trog
 11193 | Lair:4   | Found a staircase to the Snake Pit.
 11228 | Lair:4   | Noticed Urug
 11248 | Lair:4   | Killed Urug
 11248 | Lair:4   | Reached skill level 15 in Axes
 12114 | Lair:5   | Found a staircase to the Swamp.
 13203 | Lair:6   | Reached XP level 12. HP: 108/112 MP: 11/11
 13210 | Lair:6   | Reached skill level 16 in Axes
 13477 | Lair:6   | Received a gift from Trog
 14162 | Lair:6   | Noticed an eight-headed hydra
 14174 | Lair:6   | Killed an 11-headed hydra
 14304 | Lair:7   | Noticed a four-headed hydra
 14314 | Lair:7   | Killed a nine-headed hydra
 14483 | Lair:7   | Found a staircase to the Slime Pits.
 14483 | Lair:7   | Found a viscous altar of Jiyva.
 14502 | Lair:7   | Noticed an eight-headed hydra
 14510 | Lair:7   | Killed a ten-headed hydra
 14510 | Lair:7   | Reached skill level 17 in Axes
 15324 | Lair:7   | Reached XP level 13. HP: 120/122 MP: 12/12
 15621 | Lair:8   | Entered Level 8 of the Lair of Beasts
 15645 | Lair:8   | Noticed Snorg
 15653 | Lair:8   | Killed Snorg
 15682 | Lair:8   | Reached skill level 18 in Axes
 16438 | Lair:8   | Reached ****** piety under Trog
 16464 | Lair:8   | Received a gift from Trog
 16502 | Lair:8   | HP: 6/123 [polar bear (4)]
 16505 | Lair:8   | Slain by a polar bear

Vault maps used:
D:1:      dpeg_arrival_long_road
D:2:      first_bread
D:3:      grunt_temple_overflow_growth_and_decay, lemuel_old_faithful
D:4:      old_standard_altar, nemelex_xobeh_ov_fountains_minmay,
          lemuel_round_altar, lemuel_zombie_altar_yredelemnul,
          gup_sewer_entry_pipe, xom_teletrap_fun
D:5:      vehumet_crystals, ashenzari_conservatory_becter,
          trog_eyes_of_draining, uniq_sigmund
D:6:      serial_bayou, serial_bayou_lake_a, serial_bayou_pond_c,
          serial_bayou_pond_e, serial_bayou_shore_a
D:7:      kennysheep_mini_moat, minmay_temple_entry_enclosed_plants
D:8:      nicolae_overflow_crystal_walls, cheibriados_altar_1
D:9:      dpeg_oklobed_lair
D:10:     david_orc_1_choice, uniq_erica
Lair:1:   grunt_forest_large_clearings, serial_bayou_shore_b,
          serial_bayou_shore_b
Lair:4:   dummy_snake_entry, uniq_urug
Lair:5:   minmay_swamp_entry_reptiles
Lair:7:   slime_altar_1
Lair:8:   hangedman_lair_caniforms_friends, guppyfry_lair_end_dragon,
          grunt_megastairs_4, serial_bayou_shore_b, uniq_snorg, uniq_rupert
Sewer:    sewer_minmay_treatment

Action                   |  1- 3 |  4- 6 |  7- 9 | 10-12 | 13-15 || total
-------------------------+-------+-------+-------+-------+-------++-------
Melee: Hand axe          |    82 |   176 |   137 |       |       ||   395
       War axe           |       |       |   132 |       |       ||   132
       Battleaxe         |       |       |    19 |   336 |       ||   355
       Executioner's axe |       |       |       |   159 |   151 ||   310
Invok: Berserk           |       |     1 |     4 |     3 |     1 ||     9
       Trog's Hand       |       |     1 |     1 |     1 |     1 ||     4
       Burn Spellbooks   |       |       |     1 |       |       ||     1
       Brothers in Arms  |       |       |       |     3 |       ||     3
Evoke: Wand              |       |       |     1 |       |       ||     1
  Use: Scroll            |       |     3 |     6 |    26 |       ||    35
       Potion            |       |       |     1 |     2 |     2 ||     5
  Eat: Chunk             |     1 |    16 |    17 |    30 |     7 ||    71
